 Dungeon Crawl Stone Soup version 0.28-a0-627-g4e9751bbfc (webtiles) character file.

Game seed: 8526313136716763650

5486 Ijustatesigmund the Blocker (level 10, -2/82 HPs)
             Began as a Gnoll Fighter on Oct 8, 2021.
             Slain by a wight (7 damage)
             ... on level 9 of the Dungeon.
             The game lasted 00:19:33 (11542 turns).

Ijustatesigmund the Blocker (Gnoll Fighter)        Turns: 11542, Time: 00:19:33

Health: -2/82      AC: 15    Str: 12    XL:     10   Next: 69%
Magic:  0/18       EV: 10    Int:  9    God:
Gold:   423        SH:  6    Dex: 13    Spells: 19/20 levels left

rFire   + + .      SeeInvis .   a - +2 war axe
rCold   x . .      Faith    .   c - +0 buckler
rNeg    . . .      Spirit   +   b - +1 fire dragon scales
rPois   .          Reflect  .   (no helmet)
rElec   .          Harm     .   l - +1 cloak
rCorr   .          Rampage  .   k - +0 pair of gloves
Will    +....                   (no boots)
Stlth   +.........              d - amulet of guardian spirit
HPRegen 0.23/turn               r - ring of wizardry
MPRegen 0.16/turn               o - ring of willpower

@: no status effects
A: fangs 1, strong nose, distributed training, talons 1, weak 2
a: no special abilities


You were on level 9 of the Dungeon.
You visited 1 branch of the dungeon, and saw 9 of its levels.

You collected 423 gold pieces.

Inventory:

Hand Weapons
 a - a +2 war axe (weapon)
Missiles
 e - 46 poisoned darts (quivered)
Armour
 b - +1 fire dragon scales (worn)
 c - a +0 buckler (worn)
 k - a +0 pair of gloves (worn)
 l - a +1 cloak (worn)
Jewellery
 d - an amulet of guardian spirit (around neck)
 o - a ring of willpower (right hand)
 r - a ring of wizardry (left hand)
Wands
 n - a wand of polymorph (4)
 s - a wand of flame (18)
Scrolls
 h - 7 scrolls of identify
 i - a scroll of fear
Potions
 g - a potion of curing
 j - a potion of attraction
 m - a potion of heal wounds


   Skills:
 + Level 8.6 Fighting
 + Level 5.5 Short Blades
 + Level 5.5 Long Blades
 + Level 7.2 Axes
 + Level 5.5 Maces & Flails
 + Level 5.5 Polearms
 + Level 5.5 Staves
 + Level 5.5 Slings
 + Level 5.5 Bows
 + Level 5.5 Crossbows
 + Level 5.5 Throwing
 + Level 8.6 Armour
 + Level 5.5 Dodging
 + Level 5.5 Stealth
 + Level 8.6 Shields
 + Level 5.5 Unarmed Combat
 + Level 5.5 Spellcasting
 + Level 4.5 Conjurations
 + Level 4.5 Hexes
 + Level 4.5 Summonings
 + Level 4.5 Necromancy
 + Level 4.5 Translocations
 + Level 4.5 Transmutations
 + Level 4.5 Fire Magic
 + Level 4.5 Ice Magic
 + Level 4.5 Air Magic
 + Level 4.5 Earth Magic
 + Level 4.5 Poison Magic
 + Level 6.0 Invocations
 + Level 5.5 Evocations


You had 19 spell levels left.
You knew the following spells:

 Your Spells              Type           Power      Damage    Failure   Level
a - Apportation           Tloc           20%        N/A       8%          1

Your spell library contained the following spells:

 Spells                   Type           Power      Damage    Failure   Level
 Animate Skeleton         Necr           20%        N/A       8%          1
 Pain                     Necr           40%        1d6       8%          1
 Sting                    Tmut/Pois      40%        1d5       8%          1
 Summon Small Mammal      Summ           40%        N/A       8%          1
 Poisonous Vapours        Pois/Air       20%        N/A       12%         2
 Ozocubu's Armour         Ice            10%        N/A       22%         3
 Vampiric Draining        Necr           5%         2d6       22%         3
 Leda's Liquefaction      Hex/Erth       5%         N/A       56%         4
 Olgreb's Toxic Radiance  Pois           10%        N/A       56%         4
 Lee's Rapid Deconstruct  Erth           5%         3d7*      88%         5
 Statue Form              Tmut/Erth      6%         N/A       100%        6
 Ozocubu's Refrigeration  Ice            5%         4d6       100%        7


Dungeon Overview and Level Annotations

Branches:
Dungeon (9/15)             Temple (0/1) D:6
   Lair: D:8-11         Orc: D:9-12

Altars:
Elyvilon
Gozag
Makhleb
Qazlal
Uskayaw
Xom
Yredelemnul

Shops:
D:5 [   D:7 =

Annotations:
D:9 2 runed translucent doors, exclusion: orange crystal statue


Innate Abilities, Weirdness & Mutations

You have very sharp teeth.
Your uncanny sense of smell can sniff out nearby items.
Your experience applies equally to all skills.
You have sharp toenails.
You are very weak. (Str -4)


Message History

You hit the yak. You claw the yak.
The yak is lightly wounded.
You hit the water moccasin.
You feel sick.
A killer bee comes into view.
The water moccasin bites you.
You are more poisoned.
The water moccasin poisons you! The yak gores you but does no damage.
The centaur warrior shoots an arrow.
The arrow closely misses you.
The arrow hits the water moccasin!!
The water moccasin dies!
The killer bee moves out of view.
As you read the scroll of teleportation, it crumbles to dust.
You feel strangely unstable.
You feel very sick.
The centaur warrior shoots an arrow.
The arrow hits you! The yak gores you.
The centaur warrior shoots an arrow.
The arrow hits you!
You feel very sick.
The centaur warrior shoots an arrow.
The arrow hits you!!
* * * LOW HITPOINT WARNING * * *
Your surroundings suddenly seem different.
A troll comes into view.
Found a dagger.
Found an escape hatch in the floor.
You feel sick. The wight closely misses you.
Okay, then.
You feel sick.
The troll shouts!
You feel sick.
A water moccasin comes into view.
You feel sick. The wight barely misses you.
A yak comes into view.
You feel sick.
The water moccasin hisses angrily.
The yak moves out of view.
You feel sick.
As you read the scroll of fear, it crumbles to dust.
You assume a fearsome visage.
The water moccasin looks frightened!
The wight is unaffected. x2; The troll looks frightened!
You feel sick.
You are no longer poisoned.
The wight hits you from afar with a +3 trident!
You die...

.....P..##..# #
P.......##..# .#
........##..#####.#
........##........#
.P......##........#
........##........#
..P.....##........#
P.....S@z.T.......#
....#....z........#
. #.............#
#.............#
..............)#
###.............#
#.............#
#.............#
#.............


You could see a troll (fleeing), a water moccasin (fleeing) and 2 wights.

Vanquished Creatures
  A two-headed ogre (D:8)
  2 trolls (D:9)
  A hornet (shapeshifter) (D:9)
  A slime creature (D:5)
  A basilisk (D:9)
  A wyvern (D:9)
  2 steam dragons
  3 water moccasins
  3 orc warriors
  3 ice beasts
  A hornet zombie (D:9)
  3 ogres
  A necrophage (D:5)
  3 centaurs
  2 phantoms
  2 kobold brigands (D:5)
  3 bullfrogs
  A gnoll sergeant (D:9)
  A water moccasin zombie (D:6)
  A killer bee (D:9)
  3 electric eels (D:6)
  3 centaur zombies
  A bullfrog zombie (D:6)
  2 centaur skeletons
  A gnoll shaman (D:7)
  A bullfrog skeleton (D:6)
  6 orc priests
  4 hounds
  5 jellies
  3 iguanas
  5 orc wizards
  Terence (D:2)
  A scorpion zombie (D:5)
  A hound zombie (D:4)
  2 hound skeletons (D:4)
  2 howler monkey zombies
  4 adders
  8 gnolls
  2 white imps
  An ufetubus (D:6)
  3 adder zombies
  A worm (D:2)
  2 dart slugs
  18 orcs
  12 endoplasms
  2 giant cockroaches (D:4)
  4 goblins
  7 hobgoblins
  9 jackals
  3 quokkas
  7 ball pythons
  6 bats
  2 frilled lizards
  6 kobolds
  12 rats
186 creatures vanquished.

Vanquished Creatures (others)
  A water moccasin (D:9)
  A centaur (D:6)
  58 fungi
  53 plants
  8 toadstools (D:5)
121 creatures vanquished.

Grand Total: 307 creatures vanquished

Notes
Turn   | Place    | Note
-------+----------+-------------------------------------------
     0 | D:1      | Ijustatesigmund the Gnoll Fighter began the quest for the
                  | Orb.
     0 | D:1      | Reached XP level 1. HP: 23/23 MP: 1/1
   147 | D:1      | Reached XP level 2. HP: 27/29 MP: 2/2
   499 | D:1      | Reached XP level 3. HP: 35/35 MP: 3/3
   875 | D:2      | Found a faded altar of an unknown god.
   901 | D:2      | Noticed Terence
   920 | D:2      | Killed Terence
   921 | D:2      | Reached skill level 1 in Short Blades
   921 | D:2      | Reached skill level 1 in Long Blades
   921 | D:2      | Reached skill level 1 in Maces & Flails
   921 | D:2      | Reached skill level 1 in Polearms
   921 | D:2      | Reached skill level 1 in Staves
   921 | D:2      | Reached skill level 1 in Slings
   921 | D:2      | Reached skill level 1 in Bows
   921 | D:2      | Reached skill level 1 in Crossbows
   921 | D:2      | Reached skill level 1 in Throwing
   921 | D:2      | Reached skill level 1 in Dodging
   921 | D:2      | Reached skill level 1 in Stealth
   921 | D:2      | Reached skill level 1 in Unarmed Combat
   921 | D:2      | Reached skill level 1 in Spellcasting
   921 | D:2      | Reached skill level 1 in Invocations
   921 | D:2      | Reached skill level 1 in Evocations
  1263 | D:2      | Reached XP level 4. HP: 37/41 MP: 5/5
  2200 | D:3      | Reached skill level 1 in Conjurations
  2200 | D:3      | Reached skill level 1 in Hexes
  2200 | D:3      | Reached skill level 1 in Summonings
  2200 | D:3      | Reached skill level 1 in Necromancy
  2200 | D:3      | Reached skill level 1 in Translocations
  2200 | D:3      | Reached skill level 1 in Transmutations
  2200 | D:3      | Reached skill level 1 in Fire Magic
  2200 | D:3      | Reached skill level 1 in Ice Magic
  2200 | D:3      | Reached skill level 1 in Air Magic
  2200 | D:3      | Reached skill level 1 in Earth Magic
  2200 | D:3      | Reached skill level 1 in Poison Magic
  2324 | D:3      | Found an opulent altar of Gozag.
  2932 | D:3      | Noticed a water moccasin
  2943 | D:3      | Killed a water moccasin
  2944 | D:3      | Reached XP level 5. HP: 46/47 MP: 5/7
  3120 | D:4      | Reached XP level 6. HP: 49/53 MP: 8/8
  3157 | D:4      | Found a basalt altar of Yredelemnul.
  3352 | D:4      | Reached skill level 5 in Axes
  3884 | D:4      | Reached XP level 7. HP: 57/59 MP: 10/10
  3984 | D:4      | Learned a level 1 spell: Apportation
  4089 | D:5      | Entered Level 5 of the Dungeon
  4617 | D:5      | Found a white marble altar of Elyvilon.
  4653 | D:5      | HP: 3/60 [gnoll (3)]
  4853 | D:5      | Reached XP level 8. HP: 36/67 MP: 12/12
  5623 | D:5      | Found Jieno's Antique Armour Emporium.
  5772 | D:5      | Noticed a slime creature
  6305 | D:5      | Killed a slime creature
  6789 | D:6      | Found a staircase to the Ecumenical Temple.
  6825 | D:6      | Reached XP level 9. HP: 71/72 MP: 14/14
  6867 | D:6      | Found a hide-covered altar of Uskayaw.
  6867 | D:6      | Noticed a +0 dagger
  6868 | D:6      | Noticed a +0 hand axe
  7651 | D:6      | Found a burning altar of Makhleb.
  7770 | D:6      | Found a stormy altar of Qazlal.
  8941 | D:7      | Found Vasas's Jewellery Shoppe.
  9232 | D:7      | Reached skill level 5 in Invocations
  9648 | D:8      | Noticed a two-headed ogre
  9668 | D:8      | Killed a two-headed ogre
  9669 | D:8      | Reached skill level 5 in Short Blades
  9669 | D:8      | Reached skill level 5 in Long Blades
  9669 | D:8      | Reached skill level 5 in Maces & Flails
  9669 | D:8      | Reached skill level 5 in Polearms
  9669 | D:8      | Reached skill level 5 in Staves
  9669 | D:8      | Reached skill level 5 in Slings
  9669 | D:8      | Reached skill level 5 in Bows
  9669 | D:8      | Reached skill level 5 in Crossbows
  9669 | D:8      | Reached skill level 5 in Throwing
  9669 | D:8      | Reached skill level 5 in Dodging
  9669 | D:8      | Reached skill level 5 in Stealth
  9669 | D:8      | Reached skill level 5 in Unarmed Combat
  9669 | D:8      | Reached skill level 5 in Spellcasting
  9669 | D:8      | Reached skill level 5 in Evocations
  9669 | D:8      | Reached XP level 10. HP: 50/81 MP: 17/17
  9915 | D:7      | HP: 4/81 [orc warrior (8)]
 10734 | D:8      | Gained mutation: Your body sometimes deteriorates upon
                  | taking damage. [potion of mutation]
 10734 | D:8      | Gained mutation: You have a pair of small horns on your
                  | head. [potion of mutation]
 10735 | D:8      | Lost mutation: You have a pair of small horns on your head.
                  | [potion of mutation]
 10735 | D:8      | Lost mutation: Your body sometimes deteriorates upon taking
                  | damage. [potion of mutation]
 10735 | D:8      | Gained mutation: You are weak. (Str -2) [potion of
                  | mutation]
 10735 | D:8      | Gained mutation: You are very weak. (Str -4) [potion of
                  | mutation]
 10735 | D:8      | Gained mutation: You have sharp toenails. [potion of
                  | mutation]
 10978 | D:9      | Found a runed translucent door.
 10982 | D:9      | Noticed an orange crystal statue
 10989 | D:9      | Found a runed translucent door.
 10996 | D:9      | Found a runed translucent door.
 11008 | D:9      | Found a runed translucent door.
 11209 | D:9      | Noticed a five-headed hydra
 11234 | D:9      | Found a shimmering altar of Xom.
 11530 | D:9      | Noticed a centaur warrior
 11542 | D:9      | Slain by a wight

Illustrated notes

Levels and vault maps discovered:
D:1:      lemuel_arrival_muddy, layout_basic
D:2:      layout_loops_corners, ebering_ecumenical_altar_hall,
          corexii_item_surrounded_by_moat, uniq_terence
D:3:      layout_loops_corners, grunt_gozag_breadcrumbs, minmay_misc_feat_doors
D:4:      cheibrodos_pilgrimage, layout_basic, nicolae_yredelemnul_corpse_copse,
          minmay_distorted
D:5:      cheibrodos_fertilizer, layout_gridville, elyvilon_altar_3,
          serial_shops, nicolae_take_the_stairs, serial_bayou_pond_e
D:6:      layout_basic, dancing_weapons_uskayaw, makhleb_blood_cavern_becter,
          mainiacjoe_overflow_small_starburst, minmay_temple_entry_tees,
          serial_bayou_ford_a
D:7:      layout_basic, serial_shops, shop
D:8:      layout_cave_pools, minmay_misc_feat_columns
D:9:      minmay_the_grid_square_5x5_4x4 [minmay_the_grid_square_5x5_bite,
          minmay_the_grid_square_5x5_three, minmay_the_grid_square_5x5_n_small,
          minmay_the_grid_square_5x5_bridge,
          minmay_the_grid_square_5x5_moneybag,
          minmay_the_grid_square_5x5_prize_waves,
          minmay_the_grid_square_5x5_prize_deathbox,
          minmay_the_grid_square_5x5_mess,
          minmay_the_grid_square_5x5_three_walls,
          minmay_the_grid_square_5x5_prize_gold,
          minmay_the_grid_square_5x5_prize_open, minmay_the_grid_square_5x5_z,
          minmay_the_grid_square_5x5_pentomino_r,
          minmay_the_grid_square_5x5_intrusive_squares,
          minmay_the_grid_square_5x5_slash,
          minmay_the_grid_square_5x5_sharp_hourglass], layout_long_grid,
          mainiacjoe_overflow_concentric_impassable,
          chequers_temple_overflow_statue_of_worship,
          due_lair_maze_entry_diamond, minmay_statue_crystal_thing

Skill      XL: |  1  2  3  4  5  6  7  8  9 10 |
---------------+-------------------------------+-----
Short Blades   | 1 2 3 5 |  5.5
Long Blades    | 1 2 3 5 |  5.5
Maces & Flails | 1 2 3 5 |  5.5
Polearms       | 1 2 3 5 |  5.5
Staves         | 1 2 3 5 |  5.5
Slings         | 1 2 3 5 |  5.5
Bows           | 1 2 3 5 |  5.5
Crossbows      | 1 2 3 5 |  5.5
Throwing       | 1 2 3 5 |  5.5
Dodging        | 1 2 3 5 |  5.5
Stealth        | 1 2 3 5 |  5.5
Unarmed Combat | 1 2 3 5 |  5.5
Spellcasting   | 1 2 3 5 |  5.5
Invocations    | 1 2 3 4 5 6 |  6.0
Evocations     | 1 2 3 5 |  5.5
Conjurations   | 1 2 3 4 |  4.5
Hexes          | 1 2 3 4 |  4.5
Summonings     | 1 2 3 4 |  4.5
Necromancy     | 1 2 3 4 |  4.5
Translocations | 1 2 3 4 |  4.5
Transmutations | 1 2 3 4 |  4.5
Fire Magic     | 1 2 3 4 |  4.5
Ice Magic      | 1 2 3 4 |  4.5
Air Magic      | 1 2 3 4 |  4.5
Earth Magic    | 1 2 3 4 |  4.5
Poison Magic   | 1 2 3 4 |  4.5
Axes           | 5 6 7 |  7.2
Fighting       | 7 8 |  8.6
Armour         | 7 8 |  8.6
Shields        | 7 8 |  8.6

Action                   |  1- 3 |  4- 6 |  7- 9 | 10-12 || total
-------------------------+-------+-------+-------+-------++-------
Melee: War axe           |    73 |   152 |   330 |   121 ||   676
       Bite              |     7 |    16 |    42 |    13 ||    78
       Kick              |       |       |       |    18 ||    18
Throw: Dart              |       |       |    36 |    21 ||    57
Evoke: Wand              |       |       |       |     3 ||     3
  Use: Scroll            |     7 |     4 |     7 |     5 ||    23
       Potion            |     1 |       |     6 |     6 ||    13
 Stab: Invisible         |       |       |       |     1 ||     1
Armor: Scale mail        |    28 |    63 |    81 |       ||   172
       Skin              |       |       |     5 |       ||     5
       Fire dragon scale |       |       |    64 |    77 ||   141
Dodge: Dodged            |    31 |    80 |   178 |    85 ||   374
Block: Buckler           |    20 |    38 |   106 |    43 ||   207

Table legend: (Time is in decaauts)
 A = Elapsed time spent in this place.
 B = Non-inter-level travel time spent in this place.
 C = Inter-level travel time spent in this place.
 D = Time resting spent in this place.
 E = Time spent auto-exploring this place.
 F = Levels seen in this place.
 G = Mean time per level.
                   A        B        C        D        E       F      G
               +--------+--------+--------+--------+--------+-----+--------+
         Total |  11709 |  11409 |    300 |   3335 |   6310 |   9 | 1301.0 |
       Dungeon |  11709 |  11409 |    300 |   3335 |   6310 |   9 | 1301.0 |
               +--------+--------+--------+--------+--------+-----+--------+

Top non-repeatable levels by time:
     D:5: 2496 daAuts
     D:7: 1902 daAuts
     D:6: 1383 daAuts
     D:2: 1237 daAuts
     D:4: 1093 daAuts
     D:8: 960 daAuts
     D:3: 958 daAuts
     D:1: 882 daAuts
     D:9: 794 daAuts
